 Dungeon Crawl Stone Soup version 0.31-a0-1412-g7b7c7d10e1 (webtiles) character file.

Game seed: 15069603451161480244

36 Fymir27 the Vexing (level 3, -1/27 HPs)
             Began as a Barachi Hexslinger on Dec 26, 2023.
             Slain by a gnoll
             ... wielding a +0 spear
              (4 damage)
             ... on level 2 of the Dungeon.
             The game lasted 00:07:34 (969 turns).

Fymir27 the Vexing (Barachi Hexslinger)              Turns: 969, Time: 00:07:35

Health: -1/27      AC:  3    Str:  9    XL:     3   Next: 37%
Magic:  4/4        EV: 12    Int: 15    God:
Gold:   73         SH:  0    Dex: 14    Spells: 2/4 levels left

rFire   . . .        a - +1 sling
rCold   . . .        (no shield)
rNeg    . . .        j - +0 leather armour
rPois   .            (no helmet)
rElec   .            (no cloak)
rCorr   .            (no gloves)
SInv    .            (no boots)
Will    .....        (no amulet)
Stlth   +            (no ring)
HPRegen 0.24/turn    (no ring)
MPRegen 0.09/turn

%: no passive effects
@: slow
A: amphibious, slowness 1, strong legs 1, +LOS
a: Hop


You were on level 2 of the Dungeon.
You visited 1 branch of the dungeon, and saw 2 of its levels.

You collected 73 gold pieces.

Inventory:

Hand Weapons
 a - a +1 sling (weapon)
 b - a +0 dagger
Missiles
 d - 10 stones
Armour
 c - a +0 robe
 h - a +0 scale mail
 j - a +0 leather armour (worn)
Scrolls
 e - a scroll of poison
 g - 3 scrolls of teleportation {unknown}
 i - 2 scrolls of identify {unknown}
Potions
 f - a potion of curing {unknown}


   Skills:
 + Level 1.7 Fighting
 * Level 2.6 Ranged Weapons
 + Level 2.5 Dodging
 + Level 0.8 Stealth
 + Level 1.2 Spellcasting
 * Level 3.6 Hexes
 - Level 1.1 Fire Magic


You had 2 spell levels left.
You knew the following spells:

 Your Spells              Type           Power      Damage    Failure   Level
a - Jinxbite              Hex            22%        N/A       12%         2

Your spell library contained the following spells:

 Spells                   Type           Power      Damage    Failure   Level
 Sigil of Binding         Hex            11%        N/A       22%         3
 Inner Flame              Hex/Fire       8%         N/A       36%         3
 Cause Fear               Hex            5%         N/A       58%         4
 Dimensional Bullseye     Hex/Tloc       3%         N/A       85%         4


Dungeon Overview and Level Annotations

Branches:
Dungeon (2/15)

Altars:


Innate Abilities, Weirdness & Mutations

You are amphibious.
You cover ground slowly.
You can hop short distances.
You have an extended range of vision and can be seen from far away.


Message History

You kill the ball python!
A gnoll comes into view. It is wielding a +0 spear. x2
The gnoll moves out of view. x2
The gnoll shouts! x2
You shoot a sling bullet. The sling bullet hits the gnoll.
The gnoll is lightly wounded.
The gnoll throws a stone.
The stone closely misses you.
Your line of fire to the gnoll is blocked by a granite statue.
There is a stone staircase leading up here.
You shoot a sling bullet. The sling bullet hits the gnoll.
The gnoll is heavily wounded.
You shoot a sling bullet.
The sling bullet completely misses the gnoll.
The gnoll throws a stone.
The stone closely misses you.
Fire: a) +1 sling
Press: ? - help, Q - select action, (/) - cycle Shift-Dir - straight line, f/p - gnoll
Aim: a gnoll, wielding a +0 spear and quivering stones (heavily wounded, 61% to hit)
Okay, then.
You shoot a sling bullet.
The sling bullet hits the gnoll but does no damage.
The gnoll throws a stone.
The stone misses you.
The gnoll hits you from afar with a +0 spear.
You shoot a sling bullet.
The sling bullet barely misses the gnoll.
The gnoll hits you from afar with a +0 spear.
The gnoll throws a stone.
The stone hits you.
You shoot a sling bullet.
The sling bullet barely misses the gnoll.
The gnoll barely misses you.
The gnoll throws a stone.
The stone closely misses you.
You shoot a sling bullet. The sling bullet hits the gnoll.
The gnoll is severely wounded.
The gnoll throws a stone.
The stone hits you.
The gnoll hits you from afar with a +0 spear!
* * * LOW HITPOINT WARNING * * *
The gnoll throws a stone.
The stone completely misses you.
The gnoll hits you from afar with a +0 spear!
* * * LOW HITPOINT WARNING * * *
The gnoll hits you from afar with a +0 spear.
You die...

.##########.8†#
...g.g....#...#
##.######.#..##
##..######
#...##...##
#.8.'..8.>#
#gg.##...##
##..######
#@#..## ###...#
#.8.# #.†.#
##<## ###


You could see 2 gnolls.

Vanquished Creatures
  An adder (D:2)
  A dart slug (D:1)
  4 ball pythons
  3 bats (D:1)
  An endoplasm (D:1)
  A giant cockroach (D:1)
  3 jackals (D:1)
  3 kobolds (D:1)
  3 quokkas
  A rat (D:1)
21 creatures vanquished.

Notes
Turn   | Place    | Note
-------+----------+-------------------------------------------
     0 | D:1      | Fymir27 the Barachi Hexslinger began the quest for the Orb.
     0 | D:1      | Reached XP level 1. HP: 15/15 MP: 2/2
    97 | D:1      | Reached XP level 2. HP: 18/21 MP: 3/3
   101 | D:1      | Learned a level 2 spell: Jinxbite
   627 | D:1      | Reached XP level 3. HP: 25/27 MP: 4/4
   969 | D:2      | Slain by a gnoll

Illustrated notes

Levels and vault maps discovered:
D:1:      minmay_arrival_stone_box, layout_loops_ring
D:2:      layout_basic, serial_shops, shop, basic_altar, grunt_ministairs_4,
          minmay_misc_feat_columns, uniq_jessica, uniq_crazy_yiuf_cottage

Action                     || total
---------------------------++-------
  Melee: Dagger            ||    56
         Punch             ||     1
   Fire: Sling             ||    58
  Throw: Stone             ||     1
Ability: Hop               ||     1
 Armour: Robe              ||    43
         Leather armour    ||    25
  Dodge: Dodged            ||    65

Table legend: (Time is in decaauts)
 A = Elapsed time spent in this place.
 B = Non-inter-level travel time spent in this place.
 C = Inter-level travel time spent in this place.
 D = Time resting spent in this place.
 E = Time spent auto-exploring this place.
 F = Levels seen in this place.
 G = Mean time per level.
                   A        B        C        D        E       F      G
               +--------+--------+--------+--------+--------+-----+--------+
         Total |   1101 |   1039 |     62 |    155 |    613 |   2 |  550.5 |
       Dungeon |   1101 |   1039 |     62 |    155 |    613 |   2 |  550.5 |
               +--------+--------+--------+--------+--------+-----+--------+

Top non-repeatable levels by time:
     D:1: 1004 daAuts
     D:2: 97 daAuts
